 Dungeon Crawl Stone Soup version 0.30.1 (webtiles) character file.

Game seed: 17155120811521742694

39 Inchmeat the Magician (level 3, -1/37 HPs)
             Began as a Demonspawn Hedge Wizard on July 11, 2023.
             Succumbed to a goblin's poison
             ... on level 2 of the Dungeon.
             The game lasted 00:03:53 (1211 turns).

Inchmeat the Magician (Demonspawn Hedge Wizard)     Turns: 1211, Time: 00:03:54

Health: -1/37      AC: 21    Str: 12    XL:     3   Next: 26%
Magic:  0/8        EV:  2    Int: 15    God:
Gold:   5          SH:  0    Dex: 12    Spells: 9/10 levels left

rFire   . . .        i - +1 dagger (protect)
rCold   . . .        (no shield)
rNeg    . . .        b - melded +0 robe
rPois   +            c - melded +0 hat
rElec   .            (cloak currently unavailable)
rCorr   .            (gloves currently unavailable)
SInv    .            (boots currently unavailable)
Will    .....        (no amulet)
Stlth   ++           (no ring)
HPRegen 0.26/turn    (no ring)
MPRegen 0.11/turn

%: no passive effects
@: lethally poisoned (-1 -> -15), tree-form
A: stationary, stasis, torment immunity, boosted hp, repulsion field 1
a: no special abilities


You were on level 2 of the Dungeon.
You were a tree.
You visited 1 branch of the dungeon, and saw 2 of its levels.

You collected 5 gold pieces.

Inventory:

Hand Weapons
 a - a +0 dagger
 i - a +1 dagger of protection (weapon)
 k - a +1 dagger of venom
Armour
 b - a +0 robe (melded)
 c - a +0 hat (melded)
Jewellery
 h - an amulet of magic regeneration
Scrolls
 e - 2 scrolls of identify {unknown}
 f - a scroll of enchant weapon {unknown}
 j - 2 scrolls of brand weapon {unknown}
Potions
 d - a potion of magic


   Skills:
 + Level 0.6 Fighting
 - Level 1.7 Dodging
 - Level 1.7 Stealth
 + Level 4.1 Spellcasting
 - Level 1.0 Conjurations
 - Level 1.0 Summonings
 - Level 0.8 Translocations


You had 9 spell levels left.
You knew the following spells:

 Your Spells              Type           Power      Damage    Failure   Level
a - Magic Dart            Conj           24%        1d4       12%         1

Your spell library contained the following spells:

 Spells                   Type           Power      Damage    Failure   Level
 Slow                     Hex            12%        N/A       19%         1
 Blink                    Tloc           10%        N/A       19%         2
 Call Imp                 Summ           12%        N/A       19%         2
 Cigotuvi's Dreadful Rot  Necr/Pois/Air  6%         N/A       26%         2
 Mephitic Cloud           Conj/Pois/Air  4%         N/A       43%         3


Dungeon Overview and Level Annotations

Branches:
Dungeon (2/15)

Altars:


Innate Abilities, Weirdness & Mutations

You are a tree.
Your roots penetrate the ground, keeping you stationary.
You cannot be teleported.
You are immune to unholy pain and torment.
Your maximum health is greatly increased.
Your equipment is partially melded.
You are surrounded by a mild repulsion field. (EV +2)


Message History

Press: ? - help, Shift-Dir - straight line, f/p - adder
Aim: an adder (almost dead, 100% to hit)
The magic dart hits the adder.
You kill the adder!
Your Spellcasting skill increases to level 4!
Casting: Magic Dart (safe; 12% risk of failure)
Confirm with . or Enter, or press ? or * to list all spells.
Aiming: Magic Dart (safe; 12% risk of failure)
Press: ? - help, Shift-Dir - straight line, f - goblin
Aim: a goblin, wielding a +1 dagger of venom (100% to hit)
The magic dart hits the goblin.
The goblin is moderately wounded.
The goblin hits you with a +1 dagger of venom.
You are lethally poisoned!
It was a potion of lignification.
You turn into a tree.
Your +0 hat melds into your body.
Your +0 robe melds into your body.
Your roots penetrate the ground.
* * * LOW HITPOINT WARNING * * *
You feel very sick.
The goblin hits you with a +1 dagger of venom.
* * * LOW HITPOINT WARNING * * *
You are more poisoned.
Your magical contamination has completely faded away.
Casting: Magic Dart (safe; 12% risk of failure)
Confirm with . or Enter, or press ? or * to list all spells.
Aiming: Magic Dart (safe; 12% risk of failure)
Press: ? - help, Shift-Dir - straight line, f/p - goblin
Aim: a goblin, wielding a +1 dagger of venom (moderately wounded, 100% to hit)
The magic dart hits the goblin.
You kill the goblin!
* * * LOW HITPOINT WARNING * * *
You feel very sick.
Casting: Magic Dart (safe; 12% risk of failure)
Confirm with . or Enter, or press ? or * to list all spells.
Aiming: Magic Dart (safe; 12% risk of failure)
Press: ? - help, Shift-Dir - straight line, f - rat
Aim: a rat (100% to hit)
The magic dart hits the rat.
You kill the rat!
You die...

#....... #......
#...... #.# #?....#
#.#.# #.....# #.#.#
#.....# . #.#.#
#.....#+#...
#.#.##########.......#
#.#.#......♣)':......+
#.#.#.########.......#
#.#<#'### ........#
#.#.....# #####.##.#
#.'.....# .# #
###.....# . ####### ##


There were no monsters in sight!

Vanquished Creatures
  An adder (D:2)
  A dart slug (D:1)
  4 ball pythons (D:1)
  A bat (D:1)
  An endoplasm (D:1)
  2 giant cockroaches (D:1)
  A hobgoblin (D:1)
  5 kobolds (D:1)
  A quokka (D:1)
  5 frilled lizards (D:1)
  3 goblins
  4 rats
29 creatures vanquished.

Notes
Turn   | Place    | Note
-------+----------+-------------------------------------------
     0 | D:1      | Inchmeat the Demonspawn Hedge Wizard began the quest for
                  | the Orb.
     0 | D:1      | Reached XP level 1. HP: 13/13 MP: 4/4
   266 | D:1      | Gained mutation: You are surrounded by a mild repulsion
                  | field. (EV +2) [demonic ancestry]
   266 | D:1      | Reached XP level 2. HP: 19/19 MP: 6/6
  1123 | D:1      | Reached XP level 3. HP: 22/25 MP: 8/8
  1208 | D:2      | Reached skill level 4 in Spellcasting
  1211 | D:2      | Succumbed to a goblin's poison

Illustrated notes

Levels and vault maps discovered:
D:1:      minmay_arrival_cross, layout_basic, shapermc_ecumenical_altar_petra
D:2:      wad_lake_hut, layout_basic, uniq_jessica

Skill      XL: |  1  2  3 |
---------------+----------+-----
Spellcasting   | 4 |  4.1
Fighting       | |  0.6
Dodging        | |  1.7
Stealth        | |  1.7
Conjurations   | |  1.0
Summonings     | |  1.0
Translocations | |  0.8

Action                     || total
---------------------------++-------
  Melee: Dagger            ||   109
         Punch             ||     1
   Cast: Magic Dart        ||    23
    Use: Potion            ||     1
   Stab: Sleeping          ||     4
 Armour: Robe              ||    35
  Dodge: Dodged            ||   115
